 Dungeon Sprint DCSS version 0.30.0-19-g36f170ea60 (webtiles) character file.

Game seed: 3112102045493288892

155 Groucho the Poker (level 5, -1/51 HPs)
             Began as a Naga Gladiator on May 27, 2023.
             Slain by a white imp (4 damage)
             ... in the Dungeon (Sprint IX: "|||||||||||||||||||||||||||||").
             The game lasted 00:00:32 (362 turns).

Groucho the Poker (Naga Gladiator)                   Turns: 362, Time: 00:00:33

Health: -1/51      AC:  4    Str: 16    XL:     5   Next: 37%
Magic:  5/5        EV: 11    Int: 10    God:
Gold:   0          SH:  0    Dex: 13    Spells: 4/4 levels left

rFire   . . .        a - +0 trident
rCold   . . .        (no shield)
rNeg    . . .        b - +0 leather armour
rPois   +            c - +0 helmet
rElec   .            (no cloak)
rCorr   .            (no gloves)
SInv    +            (no barding)
Will    .....        (no amulet)
Stlth   +            (no ring)
HPRegen 0.28/turn    (no ring)
MPRegen 0.09/turn

%: no teleportation
@: on berserk cooldown, hasted and slowed, very slow
A: AC +1, large, see invisible, deformed body, poison resistance, slowness 2,
spit poison 1, naga tail 1
a: Spit Poison


You were in the Dungeon.
You visited 1 branch

Inventory:

Hand Weapons
 a - a +0 trident (weapon)
Missiles
 d - 3 throwing nets (quivered)
 e - a javelin
Armour
 b - a +0 leather armour (worn)
 c - a +0 helmet (worn)
Scrolls
 k - a scroll of blinking
Potions
 f - a potion of curing
 i - 2 potions of magic


   Skills:
 + Level 4.3 Fighting
 + Level 7.5 Polearms
 + Level 2.8 Throwing
 + Level 1.8 Armour
 + Level 5.3 Dodging


You had 4 spell levels left.
You didn't know any spells.
Your spell library was empty.

Dungeon Overview and Level Annotations

Branches:
Dungeon (1/1)

Altars:


Innate Abilities, Weirdness & Mutations

Your serpentine skin is tough. (AC +1)
You have supernaturally acute eyesight. (SInv)
Armour fits poorly on your strangely shaped body.
Your system is resistant to poisons. (rPois)
You cover ground very slowly.
You can spit poison.
You have a snake-like lower body.


Message History

You completely miss the black bear.
The black bear is moderately wounded.
The black bear bites you.
* * * LOW HITPOINT WARNING * * *
The black bear claws you but does no damage.
The black bear misses you.
You hit the black bear.
The black bear is heavily wounded.
You puncture the black bear!
The black bear is severely wounded.
The black bear goes berserk!
You puncture the black bear!
You kill the black bear!
Your Fighting skill increases to level 4!
Your Polearms skill gained 2 levels and is now at level 7!
Your Armour skill increases to level 1!
Your Dodging skill increases to level 5!
You have reached level 5!
You impale the orc!!
You kill the orc!
Unknown command.
Unknown command.
You are no longer berserk.
You are exhausted.
You feel yourself slow down.
There is an open door, spattered with blood here.
Items here: )) [ ††.
You barely miss the white imp.
The white imp shouts, "Return whence thou came, thou fawning dread-bolted flap-bat!"
The white imp hits you.
* * * LOW HITPOINT WARNING * * *
The white imp freezes you.
* * * LOW HITPOINT WARNING * * *
Unknown command.
You puncture the white imp!
The white imp is severely wounded.
The white imp hits you.
* * * LOW HITPOINT WARNING * * *
The white imp freezes you.
You die...

▓.▓
▓.▓
▓÷▓
▓.▓
▓.▓
▓.▓
▓.▓
▓.▓
▓@▓
▓5▓
▓.▓
▓.▓
▓.▓
▓.▓
▓+▓


You could see a white imp.

Vanquished Creatures
  A black bear (D)
  A hound (D)
  A gnoll bouda (D)
  An orc (D)
  2 endoplasms (D)
  A jackal (D)
  A ball python (D)
  A frilled lizard (D)
9 creatures vanquished.

Notes
Turn   | Place    | Note
-------+----------+-------------------------------------------
     0 | D        | Groucho the Naga Gladiator began the quest for the Orb.
     0 | D        | Reached XP level 1. HP: 19/19 MP: 1/1
   332 | D        | Noticed a gnoll bouda
   332 | D        | Noticed a hound
   332 | D        | Noticed a black bear
   342 | D        | Killed a gnoll bouda
   343 | D        | Reached skill level 5 in Polearms
   343 | D        | Reached XP level 2. HP: 4/27 MP: 2/2
   343 | D        | Reached XP level 3. HP: 5/33 MP: 3/3
   352 | D        | Reached XP level 4. HP: 31/42 MP: 4/4
   358 | D        | Killed a black bear
   359 | D        | Reached skill level 7 in Polearms
   359 | D        | Reached skill level 1 in Armour
   359 | D        | Reached skill level 5 in Dodging
   359 | D        | Reached XP level 5. HP: 11/50 MP: 5/5
   362 | D        | Slain by a white imp

Illustrated notes

Levels and vault maps discovered:
D:        linesprint [early_d, line_temple, items_1, d_10, items_2, lair_1,
          lair_end, items_3, orc_1, orc_end, items_4, d_15, swamp_1, shoals_1,
          snake_1, spider_1, d_20, vaults_1, items_5, swamp_end, shoals_end,
          snake_end, spider_end, vaults_end, d_27, items_6, zot_1, zot_end,
          crypt_end, forest_end, elf_end, slime_end, tomb_end, abyss_end,
          pan_hell_end]

Skill      XL: |  1  2  3  4 |
---------------+-------------+-----
Throwing       | 2 |  2.8
Dodging        | 3 4 5 |  5.3
Polearms       | 5 7 |  7.5
Fighting       | 3 4 |  4.3
Armour         | 1 |  1.8

Action                     |  1- 3 |  4- 6 || total
---------------------------+-------+-------++-------
  Melee: Trident           |    30 |    10 ||    40
         Punch             |       |     1 ||     1
    Use: Potion            |     3 |       ||     3
 Armour: Leather armour    |     1 |     1 ||     2
  Dodge: Dodged            |    14 |     2 ||    16
